 Dungeon Crawl Stone Soup version 0.28-a0-577-gb193047a1f (webtiles) character file.

Game seed: 11067989726868472791

216 iamoutofideas the Cleaver (level 5, -2/42 HPs)
             Began as a Hill Orc Gladiator on Oct 1, 2021.
             Succumbed to a scorpion's poison
             ... on level 4 of the Dungeon.
             The game lasted 00:02:28 (2160 turns).

iamoutofideas the Cleaver (Hill Orc Gladiator)      Turns: 2160, Time: 00:02:29

Health: -2/42      AC:  5    Str: 18    XL:     5   Next: 93%
Magic:  5/5        EV: 12    Int:  8    God:
Gold:   85         SH:  0    Dex: 12    Spells: 4/4 levels left

rFire   . . .      SeeInvis .   a - +0 war axe
rCold   + . .      Faith    .   (no shield)
rNeg    . . .      Spirit   .   b - +0 leather armour
rPois   .          Reflect  .   c - +0 helmet
rElec   .          Harm     .   (no cloak)
rCorr   .          Rampage  .   h - +0 pair of gloves
Will    .....                   (no boots)
Stlth   +.........              (no amulet)
HPRegen 0.14/turn               i - ring of protection from cold
MPRegen 0.09/turn               (no ring)

@: lethally poisoned (-2 -> -16), studying Axes
A: no striking features
a: no special abilities


You were on level 4 of the Dungeon.
You visited 1 branch of the dungeon, and saw 4 of its levels.

You collected 85 gold pieces.

Inventory:

Hand Weapons
 a - a +0 war axe (weapon)
Missiles
 d - 3 throwing nets (quivered)
Armour
 b - a +0 leather armour (worn)
 c - a +0 helmet (worn)
 h - a +0 pair of gloves (worn)
Jewellery
 i - a ring of protection from cold (left hand)


   Skills:
 - Level 2.4 Fighting
 + Level 8.8 Axes
 - Level 1.7 Throwing
 - Level 2.4 Dodging


You had 4 spell levels left.
You didn't know any spells.
Your spell library contained the following spells:

 Spells                   Type           Power      Damage    Failure   Level
 Call Canine Familiar     Summ           0%         N/A       83%         3
 Portal Projectile        Hex/Tloc       0%         N/A       83%         3
 Leda's Liquefaction      Hex/Erth       0%         N/A       99%         4


Dungeon Overview and Level Annotations

Branches:
Dungeon (4/15)
 Temple: D:4-7

Altars:

Shops:
D:2 ([

Annotations:
D:3 Grinder


Message History

A scorpion comes into view.
The scorpion stings you. The scorpion closely misses you.
The scorpion closely misses you.
As you read the scroll labelled ENACAR HASUTUT, it crumbles to dust.
Wisps of shadow whirl around you...
It was a scroll of summoning.
The scorpion stings you.
You are poisoned.
The scorpion poisons you!
As you read the scroll labelled ZOMICR NOID, it crumbles to dust.
It is a scroll of identify.
You don't have any unidentified items.
You feel very sick. The scorpion stings you.
* * * LOW HITPOINT WARNING * * *
The wight hits your ogre with a +0 great sword.
Your ogre hits the wight with a +0 giant spiked club!!
The wight is destroyed!
Your orc shouts, "Beware of monsters!"
You swap places.
You feel sick. The scorpion stings your orc.
Your orc is poisoned.
The scorpion poisons your orc!
Your orc hits the scorpion with a +0 short sword.
The scorpion stings your orc.
Your orc dies!
Your orc's corpse dissolves into shadows!
Unknown command.
You aren't carrying any potions.
You feel sick.
Your ogre closely misses the scorpion.
You feel sick.
You feel sick.
You feel sick.
You feel sick.
You closely miss the scorpion.
The scorpion is lightly wounded.
You feel sick. The scorpion stings you.
* * * LOW HITPOINT WARNING * * *
You are more poisoned.
The scorpion poisons you!
You die...

#..# #..#
#..# #..#
#..# ..#
#.# #@# #.#
########s#
#...O....#
#)########
#.# .#####
#z#
.....####.#
.###...##.#


You could see a scorpion.

Vanquished Creatures
  A centaur (D:4)
  An orc wizard (D:2)
  An adder (D:2)
  A worm (D:4)
  3 dart slugs
  5 orcs
  3 bats
  3 endoplasms (D:1)
  A giant cockroach (D:1)
  2 goblins
  6 hobgoblins
  2 jackals (D:1)
  6 kobolds
  4 ball pythons
  5 frilled lizards
  3 rats
47 creatures vanquished.

Vanquished Creatures (collateral kills)
  A wight (D:4)
1 creature vanquished.

Grand Total: 48 creatures vanquished

Notes
Turn   | Place    | Note
-------+----------+-------------------------------------------
     0 | D:1      | iamoutofideas the Hill Orc Gladiator began the quest for
                  | the Orb.
     0 | D:1      | Reached XP level 1. HP: 18/18 MP: 1/1
    72 | D:1      | Reached XP level 2. HP: 16/25 MP: 2/2
   323 | D:1      | Found a faded altar of an unknown god.
   438 | D:1      | Reached skill level 5 in Axes
   537 | D:1      | Reached XP level 3. HP: 29/30 MP: 3/3
   967 | D:2      | Found Lezifeef's Armour Shop.
  1117 | D:2      | Found Nuozof's Antique Weapon Emporium.
  1285 | D:2      | Reached skill level 6 in Axes
  1401 | D:2      | Reached XP level 4. HP: 33/37 MP: 4/4
  1913 | D:3      | Noticed Grinder
  1916 | D:3      | Paralysed by Grinder for 5 turns
  1951 | D:4      | Noticed a centaur
  1971 | D:4      | Killed a centaur
  1972 | D:4      | Reached skill level 7 in Axes
  1972 | D:4      | Reached XP level 5. HP: 28/42 MP: 5/5
  2095 | D:4      | Reached skill level 8 in Axes
  2159 | D:4      | HP: 1/42 [scorpion (3)]
  2160 | D:4      | Succumbed to a scorpion's poison

Illustrated notes

Levels and vault maps discovered:
D:1:      onia_arrival_mini_spirals, layout_rooms,
          hellmonk_ecumenical_altar_leap_of_faith,
          chequers_serial_rivers_large_a, minmay_misc_feat_four_crosses
D:2:      layout_basic, serial_shops, nicolae_square_shop, shop,
          minmay_misc_feat_tower
D:3:      layout_basic, uniq_robin, uniq_grinder
D:4:      layout_loops_ring, temple_statues, serial_shops, kennysheep_mini,
          minmay_manual_mail

Skill      XL: |  1  2  3  4  5 |
---------------+----------------+-----
Axes           | 5 6 7 8 |  8.8
Fighting       | |  2.4
Throwing       | |  1.7
Dodging        | |  2.4

Action                   |  1- 3 |  4- 6 || total
-------------------------+-------+-------++-------
Melee: War axe           |    74 |    47 ||   121
  Use: Potion            |       |     5 ||     5
       Scroll            |       |     3 ||     3
 Stab: Sleeping          |       |     1 ||     1
Armor: Leather armour    |    32 |    28 ||    60
Dodge: Dodged            |    57 |    39 ||    96

Table legend: (Time is in decaauts)
 A = Elapsed time spent in this place.
 B = Non-inter-level travel time spent in this place.
 C = Inter-level travel time spent in this place.
 D = Time resting spent in this place.
 E = Time spent auto-exploring this place.
 F = Levels seen in this place.
 G = Mean time per level.
                   A        B        C        D        E       F      G
               +--------+--------+--------+--------+--------+-----+--------+
         Total |   2198 |   2151 |     47 |    309 |   1469 |   4 |  549.5 |
       Dungeon |   2198 |   2151 |     47 |    309 |   1469 |   4 |  549.5 |
               +--------+--------+--------+--------+--------+-----+--------+

Top non-repeatable levels by time:
     D:2: 969 daAuts
     D:1: 940 daAuts
     D:4: 211 daAuts
     D:3: 77 daAuts
